 Dungeon Crawl Stone Soup version 0.30.1-4-g462c640d31 (webtiles) character file.

Game seed: 10425424773220137265

177 spardeous the Magician (level 5, -4/35 HPs)
             Began as a Djinni Conjurer on Aug 26, 2023.
             Killed from afar by Dowan (16 damage)
             ... with a shard of ice
             ... on level 4 of the Dungeon.
             The game lasted 00:03:15 (2189 turns).

spardeous the Magician (Djinni Conjurer)            Turns: 2189, Time: 00:03:16

Health: -4/35      AC:  3    Str:  8    XL:     5   Next: 87%
Gold:   265        EV: 12    Int: 19    God:
                   SH:  0    Dex: 12

rFire   + + .        (no weapon)
rCold   x . .        (no shield)
rNeg    + . .        o - +0 robe {Archmagi}
rPois   ∞            (no helmet)
rElec   .            (no cloak)
rCorr   .            j - +0 pair of gloves
SInv    .            (boots unavailable)
Will    .....        (no amulet)
Stlth   ++           g - ring of positive energy
HPRegen 0.25/turn    (no ring)
MPRegen 0.00/turn

%: archmagi, infuse magic (-5 HP)
@: flying, very slightly contaminated
A: sickness immunity, fire resistance 2, cold vulnerability 1, float, innate
caster, HP casting, extra vitality 1
a: no special abilities


You were on level 4 of the Dungeon.
You visited 1 branch of the dungeon, and saw 4 of its levels.

You collected 265 gold pieces.

Inventory:

Hand Weapons
 l - a +5 heavy mace
Armour
 a - a +0 robe
 c - a +0 pair of boots
 d - a scarf of invisibility
 j - a +0 pair of gloves (worn)
 o - a +0 robe of the Archmagi (worn)
Jewellery
 g - a ring of positive energy (left hand)
Scrolls
 h - 2 scrolls of fear {unknown}
 i - a scroll of poison {unknown}
 r - a scroll of identify {unknown}
 s - 3 scrolls of immolation {unknown}
 t - a scroll of enchant armour {unknown}
 u - a scroll of noise {unknown}
 v - a scroll of enchant weapon {unknown}
 x - 2 scrolls of blinking {unknown}
Potions
 b - a potion of mutation {unknown}
 e - 4 potions of flight {unknown}
 f - 5 potions of heal wounds
 k - 2 potions of curing {unknown}
 m - 2 potions of magic {unknown}
 n - a potion of brilliance {unknown}
 p - 2 potions of invisibility {unknown}
 q - a potion of lignification {unknown}
 w - a potion of haste {unknown}


   Skills:
 - Level 2.1 Dodging
 - Level 1.5 Stealth
 + Level 5.2 Spellcasting


You knew the following spells:

 Your Spells              Type           Power      Damage    Failure   Level
a - Magic Dart            Conj           100%       1d8       1%          1
b - Searing Ray           Conj           74%        2d7       2%          2
c - Dazzling Flash        Conj/Hex       74%        N/A       4%          3
d - Fulminant Prism       Conj/Hex       18%        3d10      14%         4
e - Iskenderun's Mystic   Conj/Tloc      37%        2d9       14%         4
f - Sting                 Tmut/Pois      100%       1d8       1%          1
g - Call Imp              Summ           74%        N/A       2%          2
Your spell library was empty.

Dungeon Overview and Level Annotations

Branches:
Dungeon (4/15)
 Temple: D:4-7

Altars:
Fedhas
Zin

Shops:
D:1 [   D:3 [:(=(

Annotations:
D:4 Dowan


Innate Abilities, Weirdness & Mutations

You are immune to sickness and miasma.
You are immune to poison.
Your flesh is very heat resistant. (rF++)
You are vulnerable to cold. (rC-)
You float through the air rather than walking.
You learn spells naturally, not from books.
Your magical power is your life essence.
You have superior vitality. (+4 MHP)


Message History

The spell is quite dangerous to miscast (14% risk of failure)!
Continue anyway?
You feel a surge of power!
You miscast Iskenderun's Mystic Blast.
You are very lightly contaminated with residual magic.
Nothing appears to happen.
Dowan gestures at Duvessa while chanting.
Duvessa seems to speed up.
You take 3 damage, and have 24/35 hp.
Casting: Iskenderun's Mystic Blast (quite dangerous; 14% risk of failure)
Confirm with . or Enter, or press ? or * to list all spells.
The spell is quite dangerous to miscast (14% risk of failure)!
Continue anyway?
You feel a surge of power!
You erupt in a blast of force!
The mystic blast hits Duvessa.
Duvessa is heavily wounded.
Duvessa is knocked back by the mystic blast.
Duvessa slams into the rock wall!
Dowan casts a spell.
Dowan blinks!
You take 4 damage, and have 20/35 hp.
Casting: Iskenderun's Mystic Blast (quite dangerous; 14% risk of failure)
Confirm with . or Enter, or press ? or * to list all spells.
The spell is quite dangerous to miscast (14% risk of failure)!
Continue anyway?
You feel a surge of power!
You erupt in a blast of force!
The mystic blast hits Duvessa!
Duvessa is severely wounded.
Duvessa is knocked back by the mystic blast.
Duvessa slams into the rock wall!
Duvessa is almost dead.
You take 4 damage, and have 16/35 hp.
Casting: Iskenderun's Mystic Blast (quite dangerous; 14% risk of failure)
Confirm with . or Enter, or press ? or * to list all spells.
The spell is quite dangerous to miscast (14% risk of failure)!
Continue anyway?
You feel a surge of power!
You erupt in a blast of force!
The mystic blast hits Duvessa!
You kill Duvessa!
Dowan screams, "No!
Oh no!"
Dowan seems to find hidden reserves of power!
* * * LOW HITPOINT WARNING * * *
Dowan gestures at you while chanting. The shard of ice hits you!
You feel a painful chill!
You die...

#.###.#.♣♣♣
#.##e.#♣..
#+########.##.## .≈≈≈
#....e.....##.##♣
..≈≈
#.e######.......♣ ≈..
##..# #.###.##♣ §._
#####.<.######.# #.#
#.......e.§.##.###.#
#...##...###.)@...(.#
... ##..# ####.###.#
#. #... ..# #.. #.###
#### ### #.# #.# ..


You could see Dowan (fast).

Vanquished Creatures
  Duvessa (D:4)
  Jessica (D:2)
  Terence (D:2)
  6 adders
  2 worms (D:3)
  A dart slug (D:3)
  2 orcs (D:3)
  4 ball pythons
  6 bats
  3 endoplasms
  6 giant cockroaches
  4 hobgoblins
  4 kobolds
  2 quokkas (D:1)
  3 frilled lizards
  7 goblins
  10 rats
63 creatures vanquished.

Vanquished Creatures (others)
  A rat (D:3)
1 creature vanquished.

Grand Total: 64 creatures vanquished

Notes
Turn   | Place    | Note
-------+----------+-------------------------------------------
     0 | D:1      | spardeous the Djinni Conjurer began the quest for the Orb.
     0 | D:1      | spardeous set off with the following spells memorised:
                  | Magic Dart, Searing Ray, Dazzling Flash, Fulminant Prism,
                  | Iskenderun's Mystic Blast.
     0 | D:1      | Reached XP level 1. HP: 15/15 MP: 0/0
   236 | D:1      | Reached XP level 2. HP: 20/21 MP: 0/0
   446 | D:1      | Reached XP level 3. HP: 24/25 MP: 0/0
   446 | D:1      | Learned a level 1 spell: Sting
   457 | D:1      | Found Qepury's Armour Shop.
   676 | D:2      | Reached skill level 4 in Spellcasting
   760 | D:2      | Noticed Jessica
   764 | D:2      | Killed Jessica
   765 | D:2      | Reached XP level 4. HP: 27/31 MP: 0/0
   798 | D:2      | Noticed Terence
   839 | D:2      | Killed Terence
  1091 | D:2      | Reached XP level 5. HP: 34/35 MP: 0/0
  1091 | D:2      | Learned a level 2 spell: Call Imp
  1473 | D:2      | Reached skill level 5 in Spellcasting
  1719 | D:3      | Found Keliv's Antique Weapon Shoppe.
  1742 | D:3      | Found Beysetz's Jewellery Shop.
  1790 | D:3      | Found Zehapral's Weapon Shoppe.
  1835 | D:3      | Found Jupyuz's Book Shoppe.
  1840 | D:3      | Found a glowing silver altar of Zin.
  1925 | D:3      | Found Utsal's Antique Armour Emporium.
  2135 | D:4      | Found a blossoming altar of Fedhas.
  2142 | D:4      | Noticed Dowan
  2143 | D:4      | Noticed Duvessa
  2189 | D:4      | Killed Duvessa
  2189 | D:4      | Killed from afar by Dowan

Illustrated notes

Levels and vault maps discovered:
D:1:      tarquinn_simple_flora_water_c, layout_rooms, serial_shops, shop,
          minmay_misc_feat_cross, hangedman_abyss_or_decor_stabs,
          corexii_hall_statues_l
D:2:      layout_basic, uniq_terence, uniq_jessica
D:3:      layout_rooms, nicolae_kikubaaqudgha_miasma_corner,
          nicolae_overflow_hidden_temple, serial_shops,
          nicolae_shop_window_shopping, nicolae_shop_behind_doors, shop,
          shop_coins, nicolae_shop_overgrown_old_shop
D:4:      layout_loops_corners, lightli_temple_of_fire, kennysheep_mini,
          mainiacjoe_overflow_paths, uniq_blork_the_orc, uniq_duvessa

Skill      XL: |  1  2  3  4  5 |
---------------+----------------+-----
Spellcasting   | 4 5 |  5.2
Dodging        | |  2.1
Stealth        | |  1.5

Action                     |  1- 3 |  4- 6 || total
---------------------------+-------+-------++-------
   Cast: Magic Dart        |    52 |    70 ||   122
         Iskenderun's Myst |       |     7 ||     7
         Searing Ray       |       |     2 ||     2
 Armour: Robe              |     1 |     2 ||     3
  Dodge: Dodged            |     3 |     2 ||     5
